 Dungeon Crawl Stone Soup version 0.24.0-123-gd5b16e6ec5 (webtiles) character file.

Game seed: 7365273102102258173, levelgen mode: deterministic

4935 KamiKatze the Cleaver (level 10, -1/132 HPs)
             Began as a Centaur Fighter on Dec 19, 2019.
             Was a Priest of Trog.
             Succumbed to a hornet's poison
             ... on level 8 of the Dungeon on Dec 26, 2019.
             The game lasted 00:34:08 (9695 turns).

KamiKatze the Cleaver (Centaur Fighter)             Turns: 9695, Time: 00:34:09

Health: -1/132     AC: 10    Str: 27    XL:     10   Next: 27%
Magic:  10/10      EV:  5    Int: 10    God:    Trog [***...]
Gold:   358        SH: 11    Dex:  9    Spells: 9/9 levels left

rFire    + . .     SeeInvis +   a - +0 war axe
rCold    . . .     Gourm    .   c - +0 shield
rNeg     . . .     Faith    .   L - +1 chain mail {rF+}
rPois    .         Spirit   .   B - +1 hat {Int+3}
rElec    .         Reflect  .   y - +0 cloak
rCorr    .         Harm     .   (no gloves)
MR       +....                  (no barding)
Stlth    ..........             (no amulet)
HPRegen  0.32/turn              K - ring of protection from magic
MPRegen  0.12/turn              t - ring of see invisible

@: berserking (expiring), lethally poisoned (-1 -> -17), slowed, very quick
A: large, hooves 3, deformed body, speed 2, tough skin 3
a: Berserk, Trog's Hand, Renounce Religion


You were on level 8 of the Dungeon.
You worshipped Trog.
Trog was most pleased with you.
You were very hungry.

You visited 2 branches of the dungeon, and saw 10 of its levels.

You collected 405 gold pieces.
You spent 47 gold pieces at shops.

Inventory:

Hand Weapons
 a - a +0 war axe (weapon)
 o - a +0 spear
 w - a +0 hand axe
 z - a +0 flail of crushing
 D - a +6 flail of holy wrath
Missiles
 n - 234 stones
 N - 2 javelins (quivered)
 O - 54 poisoned darts
 U - a throwing net
Armour
 b - a +0 scale mail
 c - a +0 shield (worn)
 e - a +0 helmet
 g - a cursed +0 plate armour
 y - a +0 cloak (worn)
 A - a +0 large shield
 B - a +1 hat of intelligence (worn)
 L - a +1 chain mail of fire resistance (worn)
Jewellery
 l - an uncursed ring of stealth
 t - a ring of see invisible (right hand)
 K - a ring of protection from magic (left hand)
Wands
 s - a wand of digging (3)
 u - a wand of scattershot (6)
 H - a wand of clouds (5)
 M - a wand of flame (18)
Scrolls
 h - 3 scrolls of random uselessness {unknown}
 i - 3 scrolls of fear {unknown}
 k - 4 scrolls of magic mapping {unknown}
 m - a scroll of blinking {unknown}
 q - 6 scrolls of remove curse
 x - 3 scrolls of enchant armour {unknown}
 F - a scroll of noise {unknown}
 I - 3 scrolls of enchant weapon {unknown}
 R - 2 scrolls of fog {unknown}
 S - a scroll of immolation {unknown}
Potions
 d - a potion of might
 j - a potion of cancellation
 p - a potion of resistance
 r - 2 potions of mutation
 v - 4 potions of lignification
 C - a potion of agility
 E - a potion of flight
 G - a potion of ambrosia
 J - 2 potions of haste {unknown}
 Q - 3 potions of curing
 T - a potion of berserk rage {unknown}
Comestibles
 f - 15 rations
 P - 8 chunks of flesh


   Skills:
 + Level 8.2 Fighting
 * Level 10.0 Axes
 + Level 2.3 Armour
 + Level 6.2 Shields


You had 9 spell levels left.
You didn't know any spells.
Your spell library contained the following spells:

 Spells                   Type           Power        Failure   Level  Hunger
 Flame Tongue             Conj/Fire      #....        99%         1    ##.....
 Conjure Flame            Conj/Fire      #.......     100%        3    ####...
 Inner Flame              Hex/Fire       #.......     100%        3    ####...
 Sticky Flame             Conj/Fire      #.......     100%        4    #####..
 Bolt of Magma            Conj/Fire/Erth #.........   100%        5    ######.


Dungeon Overview and Level Annotations

Branches:
Dungeon (9/15)             Temple (1/1) D:5
   Lair: D:8-11         Orc: D:9-12

Altars:
Ashenzari
Cheibriados
Dithmenos
Elyvilon
Fedhas
Gozag
Hepliaklqana
Kikubaaqudgha
Makhleb
Nemelex Xobeh
Okawaru
Qazlal
Ru
Sif Muna
Trog
Uskayaw
Vehumet
Wu Jian
Xom
Yredelemnul
Zin

Shops:
D:4 ?   D:6 *


Innate Abilities, Weirdness & Mutations

You have hooves in place of feet.
Armour fits poorly on your strangely shaped body.
You cover ground very quickly.
You have extremely tough skin. (AC +3)


Message History

You feel sick. The hornet stings you!
* * * LOW HITPOINT WARNING * * *
You feel as though you will be slow longer.
You hit the hornet. You kick the hornet!
You kill the hornet!
Trog accepts your kill.
* * * LOW HITPOINT WARNING * * *
You feel very sick.
* * * LOW HITPOINT WARNING * * *
You feel sick.
There is a stone staircase leading up here.
Unknown command.
You are too berserk!
Eat one of 8 chunks of flesh? (ye/n/q)
Okay, then.
Okay, then.
You are too berserk!
Unknown command.
You feel a strong urge to attack something.
You die...

#..## ##....## ##...##
).## ##....# ##...## .##
##...### ##...## ##
##....### ##...## #
##..)....##### ##...# #
##..>.........#######...
##
##.......)...............
.#
##.....##........###......
.# ###.....##.@......##
####### .#
##......##..<.....## #
.####......###.......##
..##......####......##
#........## #......##
##.......# ##......#
##.....####..[...##
#....## #......## ##.###
###..###


There were no monsters in sight!

Vanquished Creatures
  A two-headed ogre (D:8)
  Joseph (D:7)
  A hornet (D:8)
  2 hippogriffs
  A wyvern (D:9)
  A hungry ghost (D:8)
  Menkaure (D:6)
  Edmund (D:4)
  A sky beast (D:5)
  An ice beast (D:6)
  An orc warrior (D:7)
  6 ogres
  3 centaurs
  3 big kobolds (D:8)
  A bullfrog (D:8)
  A wyvern skeleton (D:7)
  2 scorpions
  4 wights (D:6)
  5 howler monkeys
  4 crimson imps
  2 jellies (D:8)
  2 hounds (D:8)
  5 orc wizards
  4 orc priests
  2 bullfrog skeletons (D:8)
  3 iguanas
  6 worker ants
  A killer bee zombie (D:5)
  2 hound skeletons
  A howler monkey zombie (D:6)
  7 gnolls
  8 adders
  A shadow imp (D:7)
  An ooze (D:2)
  An adder zombie (D:5)
  5 worms
  2 dart slugs
  6 leopard geckos
  16 orcs
  6 bats
  9 giant cockroaches
  4 goblins
  10 hobgoblins
  9 jackals
  18 kobolds
  4 quokkas
  2 ball pythons
  2 frilled lizards
  A giant cockroach zombie (D:5)
  A jackal skeleton (D:4)
  A leopard gecko skeleton (D:8)
  11 rats
194 creatures vanquished.

Notes
Turn   | Place    | Note
-------+----------+-------------------------------------------
     0 | D:1      | KamiKatze the Centaur Fighter began the quest for the Orb.
     0 | D:1      | Reached XP level 1. HP: 19/19 MP: 1/1
    37 | D:1      | Reached skill level 2 in Axes
    48 | D:1      | Reached XP level 2. HP: 10/26 MP: 2/2
   395 | D:1      | Reached XP level 3. HP: 25/31 MP: 3/3
   862 | D:2      | Found a shattered altar of Ashenzari.
   938 | D:2      | Reached skill level 3 in Axes
   943 | D:2      | Reached XP level 4. HP: 26/39 MP: 4/4
  1143 | D:2      | Found a shimmering blue altar of Sif Muna.
  2143 | D:3      | Reached XP level 5. HP: 43/46 MP: 5/5
  2147 | D:3      | Noticed a hippogriff
  2193 | D:3      | HP: 1/46 [hippogriff (6)]
  2305 | D:3      | Killed a hippogriff
  2305 | D:3      | Reached skill level 4 in Axes
  2305 | D:3      | Reached XP level 6. HP: 16/53 MP: 6/6
  2809 | D:4      | Found Dievoanu's Magic Scroll Boutique.
  2919 | D:4      | Identified the Grimoire of the Arsonist
  2968 | D:4      | Noticed Edmund
  3008 | D:4      | Killed Edmund
  3096 | D:4      | Reached skill level 5 in Axes
  3096 | D:4      | Reached XP level 7. HP: 50/60 MP: 7/7
  3395 | D:4      | Found a shadowy altar of Dithmenos.
  3395 | D:4      | Found a basalt altar of Yredelemnul.
  3419 | D:5      | Entered Level 5 of the Dungeon
  3575 | D:5      | Found a staircase to the Ecumenical Temple.
  3584 | Temple   | Entered the Ecumenical Temple
  3621 | Temple   | Became a worshipper of Trog the Wrathful
  3633 | Temple   | Reached skill level 5 in Fighting
  3973 | D:5      | Found a blossoming altar of Fedhas.
  4276 | D:5      | Reached skill level 6 in Axes
  5006 | D:5      | Reached XP level 8. HP: 63/69 MP: 8/8
  5126 | D:6      | Noticed Menkaure
  5152 | D:6      | HP: 3/69 [Menkaure/nerve-wracking pain (11)]
  5153 | D:6      | Killed Menkaure
  5465 | D:6      | Found a hazy altar of Hepliaklqana.
  5570 | D:6      | Reached * piety under Trog
  5813 | D:6      | Reached skill level 7 in Axes
  5949 | D:6      | HP: 1/70 [ogre/+0 giant club (14)]
  6094 | D:6      | Found Yrenoeb's Assorted Antiques.
  6125 | D:6      | Bought a white potion for 22 gold pieces
  6125 | D:6      | Bought a scroll labeled ZUJUPS HIAKU for 25 gold pieces
  6861 | D:7      | Noticed Joseph
  6866 | D:7      | Killed Joseph
  6866 | D:7      | Reached skill level 8 in Axes
  6866 | D:7      | Reached skill level 5 in Shields
  6866 | D:7      | Reached XP level 9. HP: 78/78 MP: 9/9
  6914 | D:7      | Found a snail-covered altar of Cheibriados.
  7900 | D:8      | Reached ** piety under Trog
  8133 | D:8      | Noticed a two-headed ogre
  8489 | D:7      | Reached skill level 9 in Axes
  8900 | D:8      | Killed a two-headed ogre
  8900 | D:8      | Reached XP level 10. HP: 19/88 MP: 10/10
  9466 | D:8      | Reached *** piety under Trog
  9637 | D:9      | Reached skill level 10 in Axes
  9692 | D:8      | HP: 5/132 [hornet (8)]
  9693 | D:8      | HP: 2/132 [poisoned by a hornet]
  9695 | D:8      | Succumbed to a hornet's poison

Levels and vault maps discovered:
D:1:      eino_arrival_cavern_a, layout_basic
D:2:      layout_basic, lemuel_blue_sif_altar, evilmike_ruin_ashenzari
D:3:      layout_loops_ring, minmay_misc_feat_four_crosses
D:4:      layout_basic, gammafunk_temple_overflow_wave, serial_shops,
          nicolae_shop_temple_entry_statues_fountains, uniq_edmund
D:5:      layout_layer_cave, minmay_temple_entry_tees, first_ration,
          fedhas_altar_1
D:6:      layout_basic, lemuel_doored_altar, serial_shops, nicolae_shop_stone,
          uniq_menkaure
D:7:      layout_basic, marbit_many_paths, uniq_joseph
D:8:      layout_cave_pods
D:9:      minmay_the_grid_triangle_9x9_rhombus_thin_mashed
          [minmay_the_grid_triangle_9x9_corrupted_corridor,
          minmay_the_grid_triangle_9x9_prize_top_heavy,
          minmay_the_grid_triangle_9x9_limited_checkers,
          minmay_the_grid_triangle_9x9_checkered], layout_basic, tso_altar,
          dpeg_lair_monsters, orc_0_dummy, ebering_ghost_reflecting_pool,
          blue_anna_alchemist [blue_anna_fruit_fields, blue_anna_fruit_fields]
Temple:   regret_index_temple_sphere_string

Skill      XL: |  1  2  3  4  5  6  7  8  9 10 |
---------------+-------------------------------+-----
Axes           | 2 3 4 5 6 8 9 10 | 10.0
Fighting       | 4 5 6 7 8 |  8.2
Shields        | 3 4 5 6 |  6.2
Armour         | |  2.3

Action                   |  1- 3 |  4- 6 |  7- 9 | 10-12 || total
-------------------------+-------+-------+-------+-------++-------
Melee: War axe           |    80 |    38 |   175 |    76 ||   369
       Kick              |    16 |    44 |   110 |    17 ||   187
       Hand axe          |       |   105 |   184 |       ||   289
       Spear             |       |       |    18 |       ||    18
Throw: Boomerang         |       |    15 |       |       ||    15
       Stone             |       |     8 |    11 |     2 ||    21
       Dart              |       |       |    42 |     4 ||    46
       Javelin           |       |       |       |     2 ||     2
Invok: Berserk           |       |       |     4 |     2 ||     6
  Use: Potion            |     1 |       |       |       ||     1
       Scroll            |       |     6 |     3 |       ||     9
  Eat: Chunk             |       |     5 |    17 |     4 ||    26
Armor: Scale mail        |    30 |    45 |   107 |    13 ||   195
       Chain mail        |       |       |       |     1 ||     1
Dodge: Dodged            |    21 |    30 |    87 |    16 ||   154
Block: Shield            |    34 |    48 |   149 |    33 ||   264
